 Dungeon Crawl Stone Soup version 0.23.2-1-ga50397a6bc (webtiles) character file.

Game seed: 6445756979134103938

46 Gargoyl the Skirmisher (level 3, 0/31 HPs)
             Began as a Centaur Abyssal Knight on May 14, 2019.
             Was a Follower of Lugonu.
             Succumbed to a kobold's poison
             ... on level 2 of the Dungeon.
             The game lasted 00:02:42 (1014 turns).

Gargoyl the Skirmisher (Centaur Abyssal Knight)     Turns: 1014, Time: 00:02:42

Health: 0/31       AC: 11    Str: 14    XL:     3   Next: 46%
Magic:  4/4        EV:  8    Int: 11    God:    Lugonu [*.....]
Gold:   37         SH:  0    Dex:  9    Spells: 2/2 levels left

rFire    + . .     SeeInvis .   a - +1 hand axe
rCold    + . .     Gourm    .   (no shield)
rNeg     . . .     Faith    .   h - +0 ring mail
rPois    .         Spirit   .   (no helmet)
rElec    .         Reflect  .   d - scarf {rC+ rF+}
rCorr    .         Harm     .   (no gloves)
MR       .....     Rnd*Rage +   (no barding)
Stlth    ..........             (no amulet)
HPRegen  0.10/turn              (no ring)
MPRegen  0.09/turn              (no ring)

@: lethally poisoned (0 -> -41), hasted, very quick
A: large, hooves 3, icy blue scales 1, iridescent scales 1, molten scales 1,
berserk 1, deformed body, speed 2, tough skin 3
a: Depart the Abyss, Renounce Religion


You were on level 2 of the Dungeon.
You worshipped Lugonu.
Lugonu was aware of your devotion.
You were not hungry.

You visited 1 branch of the dungeon, and saw 2 of its levels.
You visited the Abyss 1 time.

You collected 37 gold pieces.

Inventory:

Hand Weapons
 a - a +1 hand axe (weapon)
Armour
 d - a scarf of resistance (worn)
 h - a +0 ring mail (worn)
Scrolls
 e - a scroll of identify
 g - a scroll of fear
 i - a scroll of teleportation {unknown}
 k - a scroll of blinking
Potions
 b - 2 potions of magic
Comestibles
 c - 3 rations


   Skills:
 + Level 3.4 Fighting
 + Level 2.3 Axes
 * Level 1.8 Armour
 * Level 0.9 Dodging
 * Level 2.3 Invocations


You had 2 spell levels left.
You didn't know any spells.
Your spell library was empty.

Dungeon Overview and Level Annotations

Branches:
Dungeon (2/15)

Altars:


Innate Abilities, Weirdness & Mutations

You have hooves in place of feet.
Armour fits poorly on your strangely shaped body.
You cover ground very quickly.
You have extremely tough skin. (AC +3)
You are partially covered in icy blue scales. (AC +2)
You are partially covered in iridescent scales. (AC +2)
You are partially covered in molten scales. (AC +2)
You tend to lose your temper in combat.


Message History

The kobold hits you with a +2 dagger of venom.
* * * LOW HITPOINT WARNING * * *
You are more poisoned.
It was a potion of haste.
You feel yourself speed up.
* * * LOW HITPOINT WARNING * * *
You feel very sick. The adder barely misses you.
The adder bites you but does no damage. The kobold hits you but does no damage.
You are more poisoned.
Unknown command.
You miss the adder. Your kick misses the adder.
The adder is heavily wounded.
You hit the kobold.
You kill the kobold!
Lugonu accepts your kill.
* * * LOW HITPOINT WARNING * * *
You feel sick. The adder closely misses you.
You hit the adder. Your kick misses the adder.
The adder is severely wounded.
You die...

#............#
#.....#.†....#
#######......#[....##
#..........#.#.......
##..........>.#.....#.
##.....................
##.....(..$.....#.......
#......(.....^..#.....>.
#.....S@...........(....
#.....).†...........#...
#................#......
#................,......
##..............,,......
##.)..........,,,......
####.........,,,......
#.......#.>,,......
######.##*,*,......


You could see an adder.

Vanquished Creatures
  An adder (D:2)
  3 dart slugs
  A leopard gecko (D:2)
  2 giant cockroaches (D:1)
  3 goblins
  4 hobgoblins
  4 kobolds
  5 bats
  2 frilled lizards (D:2)
  5 rats
30 creatures vanquished.

Notes
Turn   | Place    | Note
-------+----------+-------------------------------------------
     0 | Abyss:1  | Gargoyl the Centaur Abyssal Knight began the quest for the
                  | Orb.
     0 | Abyss:1  | Reached XP level 1. HP: 19/19 MP: 2/2
   101 | Abyss:2  | Noticed a spatial maelstrom
   120 | Abyss:2  | Noticed a worldbinder
   121 | Abyss:2  | Noticed a naga
   122 | D:1      | Escaped the Abyss
   227 | D:1      | Reached XP level 2. HP: 24/26 MP: 3/3
   431 | D:1      | Reached * piety under Lugonu
   754 | D:2      | Reached XP level 3. HP: 20/31 MP: 4/4
  1011 | D:2      | Gained mutation: You are partially covered in iridescent
                  | scales. (AC +2) [potion of mutation]
  1011 | D:2      | Gained mutation: You are partially covered in icy blue
                  | scales. (AC +2) [potion of mutation]
  1011 | D:2      | Gained mutation: You tend to lose your temper in combat.
                  | [potion of mutation]
  1011 | D:2      | Gained mutation: You are partially covered in molten
                  | scales. (AC +2) [potion of mutation]
  1014 | D:2      | Succumbed to a kobold's poison

Skill      XL: |  1 |
---------------+----+-----
Axes           | 2 |  2.3
Fighting       | |  3.4
Armour         | |  1.8
Dodging        | |  0.9
Invocations    | |  2.3

Action                   || total
-------------------------++-------
Melee: Hand axe          ||    59
       Kick              ||     9
Invok: Depart the Abyss  ||     1
  Use: Scroll            ||     5
       Potion            ||     2
Armor: Leather armour    ||     4
       Ring mail         ||    43
Dodge: Dodged            ||    30
